 Dungeon Crawl Stone Soup version 0.30-a0-355-g4c39ff33d3 (webtiles) character file.

Game seed: 2143544471146189318

40 Elric the Slasher (level 3, 0/33 HPs)
             Began as a Minotaur Fighter on Nov 8, 2022.
             Slain by a gnoll
             ... wielding a +0 club
              (1 damage)
             ... on level 2 of the Dungeon.
             The game lasted 00:02:09 (1120 turns).

Elric the Slasher (Minotaur Fighter)                Turns: 1120, Time: 00:02:09

Health: 0/33       AC:  6    Str: 22    XL:     3   Next: 30%
Magic:  2/2        EV:  9    Int:  5    God:
Gold:   81         SH:  4    Dex:  9    Spells: 2/2 levels left

rFire   . . .      SeeInvis .    a - +0 long sword
rCold   . . .      Faith    .    c - +0 buckler
rNeg    . . .      Spirit   .    b - +0 scale mail
rPois   .          Reflect  .    (helmet restricted)
rElec   .          Harm     .    (no cloak)
rCorr   .          Rampage  .    (no gloves)
Will    .....                    (no boots)
Stlth   ..........               (no amulet)
HPRegen 0.25/turn                (no ring)
MPRegen 0.08/turn                (no ring)

@: mighty, hasted, very quick
A: horns 2, retaliatory headbutt
a: no special abilities


You were on level 2 of the Dungeon.
You visited 1 branch of the dungeon, and saw 3 of its levels.

You collected 81 gold pieces.

Inventory:

Hand Weapons
 a - a +0 long sword (weapon)
Armour
 b - a +0 scale mail (worn)
 c - a +0 buckler (worn)
Scrolls
 e - a scroll of noise {unknown}
 f - 2 scrolls of immolation {unknown}
 g - 3 scrolls of identify {unknown}
 j - a scroll of blinking {unknown}
 k - 2 scrolls of teleportation {unknown}
 l - 2 scrolls of poison {unknown}
Potions
 h - a potion of curing {unknown}
 m - a potion of cancellation {unknown}


   Skills:
 - Level 3.6 Fighting
 + Level 4.5 Long Blades
 - Level 3.6 Armour
 - Level 3.6 Shields


You had 2 spell levels left.
You didn't know any spells.
Your spell library contained the following spells:

 Spells                   Type           Power      Damage    Failure   Level
 Beastly Appendage        Tmut           0%         N/A       88%         1


Dungeon Overview and Level Annotations

Branches:
Dungeon (3/15)

Altars:


Innate Abilities, Weirdness & Mutations

You have a pair of horns on your head.
You reflexively headbutt those who attack you in melee.


Message History

Done exploring.
(D) Dungeon
Where to? (Enter - D:2, ? - help)
What level of the Dungeon? (default 1, ? - help)
There is a stone staircase leading down here.
You climb downwards.
The gnoll shouts! x2
There is a stone staircase leading up here.
There are monsters nearby!
There are monsters nearby!
There are monsters nearby!
You hit the gnoll.
The gnoll is moderately wounded.
The gnoll hits you from afar with a +0 spear.
The gnoll closely misses you. The gnoll hits you with a +0 halberd!
You hit the gnoll but do no damage.
You headbutt the gnoll, but do no damage.
The gnoll is moderately wounded.
You block the gnoll's attack. The gnoll hits you but does no damage.
The gnoll barely misses you. The gnoll closely misses you.
You closely miss the gnoll. Your headbutt misses the gnoll.
The gnoll is moderately wounded.
The gnoll hits you but does no damage.
The gnoll hits you from afar with a +0 spear.
The gnoll hits you with a +0 club. The gnoll hits you with a +0 halberd.
You block the gnoll's attack.
The gnoll hits you from afar with a +0 spear.
The gnoll hits you with a +0 club.
* * * LOW HITPOINT WARNING * * *
The gnoll barely misses you.
You climb upwards.
There is a stone staircase leading down here.
You feel very mighty all of a sudden. The gnoll hits you with a +0 halberd.
* * * LOW HITPOINT WARNING * * *
The gnoll hits you with a +0 club.
* * * LOW HITPOINT WARNING * * *
It was a potion of haste.
You feel yourself speed up. The gnoll barely misses you.
The gnoll hits you with a +0 club.
You die...

.# ###.######### #.# .#
#..####<..###.# ##
##.........##.# #
####.......#.# #
#.......#.# # #.......#.#
# #######.....##.# #
###.......g....#.##
######...####...@[.....##
#.†....### #..g........##
§.###### ##...........#
### ##..........# #.#
#..........# ..##
#..........# #..#
#..........# ##.##
##........## #..#
#..........#


You could see 2 gnolls.

Vanquished Creatures
  An adder (D:2)
  2 dart slugs
  2 ball pythons (D:2)
  An endoplasm (D:2)
  2 giant cockroaches (D:1)
  5 goblins
  3 hobgoblins
  A kobold (D:1)
  3 bats
  A frilled lizard (D:1)
  5 rats
26 creatures vanquished.

Notes
Turn   | Place    | Note
-------+----------+-------------------------------------------
     0 | D:1      | Elric the Minotaur Fighter began the quest for the Orb.
     0 | D:1      | Reached XP level 1. HP: 19/19 MP: 0/0
    29 | D:1      | Found a faded altar of an unknown god.
    42 | D:1      | Got Plato's Verses on Shapes
   190 | D:1      | Reached skill level 3 in Long Blades
   190 | D:1      | Reached XP level 2. HP: 27/27 MP: 1/1
   786 | D:2      | Reached skill level 4 in Long Blades
   786 | D:2      | Reached XP level 3. HP: 31/33 MP: 2/2
  1119 | D:2      | HP: 1/33 [gnoll/+0 club (5)]
  1120 | D:2      | Slain by a gnoll

Illustrated notes

Levels and vault maps discovered:
D:1:      ebering_hopf_link, layout_basic, shapermc_ecumenical_altar_rom_forum,
          feat_on_display
D:2:      layout_rooms, kennysheep_generic_room_14
D:3:      layout_loops_ring, nicolae_ru_great_annihilating_truth,
          serial_bayou_pond_a

Skill      XL: |  1  2 |
---------------+-------+-----
Long Blades    | 3 4 |  4.5
Fighting       | |  3.6
Armour         | |  3.6
Shields        | |  3.6

Action                   || total
-------------------------++-------
Melee: Long sword        ||    60
       Headbutt          ||    11
  Use: Potion            ||     2
Armor: Scale mail        ||    30
Dodge: Dodged            ||    30
Block: Buckler           ||    10

Table legend: (Time is in decaauts)
 A = Elapsed time spent in this place.
 B = Non-inter-level travel time spent in this place.
 C = Inter-level travel time spent in this place.
 D = Time resting spent in this place.
 E = Time spent auto-exploring this place.
 F = Levels seen in this place.
 G = Mean time per level.
                   A        B        C        D        E       F      G
               +--------+--------+--------+--------+--------+-----+--------+
         Total |   1136 |   1089 |     47 |      0 |    911 |   3 |  378.7 |
       Dungeon |   1136 |   1089 |     47 |      0 |    911 |   3 |  378.7 |
               +--------+--------+--------+--------+--------+-----+--------+

Top non-repeatable levels by time:
     D:1: 776 daAuts
     D:2: 354 daAuts
     D:3: 5 daAuts
